 Dungeon Crawl Stone Soup version 0.30.1-3-gfc49f6343a (webtiles) character file.

Game seed: 9651989533698833043

2522 Zeor the Basher (level 9, -4/56 HPs)
             Began as a Gargoyle Monk on July 27, 2023.
             Was a Priest of Wu Jian.
             Slain by an orc warrior
             ... wielding a +0 dire flail
              (16 damage)
             ... on level 7 of the Dungeon.
             The game lasted 00:17:34 (6232 turns).

Zeor the Basher (Gargoyle Monk)                     Turns: 6232, Time: 00:17:35

Health: -4/56      AC: 22    Str: 26    XL:     9   Next: 54%
Magic:  9/9        EV:  8    Int: 10    God:    Wu Jian [***...]
Gold:   167        SH:  0    Dex: 12    Spells: 8/8 levels left

rFire   . . .        a - +4 quarterstaff (chaos)
rCold   . . .        (shield currently unavailable)
rNeg    + . .        q - +0 plate armour
rPois   ∞            j - +1 helmet
rElec   +            F - +0 cloak
rCorr   .            (no gloves)
SInv    .            (no boots)
Will    .....        (no amulet) Stlth
                     l - +6 ring of strength
HPRegen 0.29/turn    (no ring)
MPRegen 0.11/turn

%: no passive effects
@: no status effects
A: sickness immunity, AC +6, negative energy resistance 1, electricity
resistance, torment resistance 1, petrification resistance
a: Renounce Religion, Wall Jump, Serpent's Lash


You were on level 7 of the Dungeon.
You worshipped Wu Jian.
Wu Jian was most pleased with you.
You visited 2 branches of the dungeon, and saw 8 of its levels.
You also visited: Ossuary.

You collected 311 gold pieces.
You spent 144 gold pieces at shops.

Inventory:

Hand Weapons
 a - a +4 quarterstaff of chaos (weapon)
 v - the +5 scimitar of Oozing Pus {holy, Str+4}
   (You found it on level 5 of the Dungeon)

   Str:       It affects your strength (+4).
 y - a +2 whip of freezing
 G - a +2 flail of venom
Missiles
 b - 8 poisoned darts
 i - 6 silver javelins
 n - a silver boomerang (quivered)
 p - 4 boomerangs of dispersal
Armour
 d - an orb of light
 j - a +1 helmet (worn)
 k - a scarf of repulsion
 q - a +0 plate armour (worn)
 F - a +0 cloak (worn)
Jewellery
 l - a +6 ring of strength (left hand)
 w - a ring of ice
Wands
 f - a wand of light (9)
 o - a wand of paralysis (10)
 s - a wand of flame (15)
 t - a wand of polymorph (5)
Scrolls
 u - a scroll of fog
 z - a scroll of fear
 A - 2 scrolls of enchant armour
 D - a scroll of enchant weapon
Potions
 c - 3 potions of ambrosia
 e - 2 potions of heal wounds
 g - a potion of magic
 h - 2 potions of flight
 m - 2 potions of haste
 x - 7 potions of curing
 B - a potion of brilliance
 C - a potion of mutation {unknown}
 E - a potion of might


   Skills:
 + Level 6.3 Fighting
 + Level 1.4 Long Blades
 + Level 8.9 Maces & Flails
 * Level 0.8(5.6) Staves
 + Level 1.6 Throwing
 + Level 4.8 Armour
 + Level 4.3 Dodging
 + Level 3.4 Stealth
 + Level 1.4 Evocations


You had 8 spell levels left.
You didn't know any spells.
Your spell library contained the following spells:

 Spells                   Type           Power      Damage    Failure   Level
 Blink                    Tloc           0%         N/A       100%        2
 Lesser Beckoning         Tloc           0%         N/A       100%        2
 Momentum Strike          Conj/Tloc      0%         3d8       100%        2


Dungeon Overview and Level Annotations

Branches:
Dungeon (7/15)             Temple (1/1) D:5         Ossuary (visited)

Altars:
Ashenzari
Elyvilon
Fedhas
Hepliaklqana
Kikubaaqudgha
Nemelex Xobeh
Okawaru
Qazlal
Ru
Trog
Vehumet
Wu Jian
Xom
Yredelemnul
Zin
The Shining One

Shops:
D:5 !   D:6 (


Innate Abilities, Weirdness & Mutations

You are immune to sickness and miasma.
Your stone body is resilient. (AC +6)
You are immune to poison.
You resist negative energy. (rN+)
You are resistant to electric shocks. (rElec)
You are resistant to unholy torment.
You are immune to petrification.


Message History

The orc priest calls upon Beogh to heal the orc.
The orc's wounds heal themselves!
The orc priest attacks as you move away!
The orc priest barely misses you.
Aiming: Wall Jump
Press: ? - help, Dir - move target You repeatedly attack the orc warrior from above.
You hit the orc warrior but do no damage.
You completely miss the orc warrior.
You repeatedly attack the orc from above.
You barely miss the orc. You thump the orc!
You kill the orc!
The Council accepts your kill.
You repeatedly attack the orc priest from above.
You hit the orc priest.
You kill the orc priest!
The Council accepts your kill.
The orc warrior hits you but does no damage.
Something hits you.
The orc warrior hits you with a +0 dire flail.
Unknown command.
You hit the orc warrior but do no damage.
The orc warrior barely misses you. Something hits you.
You completely miss something.
The orc warrior hits you with a +0 dire flail.
Something hits you but does no damage.
You hit the orc warrior but do no damage.
Lightning courses through the orc warrior!
The orc warrior is moderately wounded.
The orc warrior hits you with a +0 dire flail.
Something hits you but does no damage.
You barely miss the orc warrior.
The orc warrior is moderately wounded.
The orc warrior hits you with a +0 dire flail!
* * * LOW HITPOINT WARNING * * *
Something hits you but does no damage.
You sock the orc warrior!
The orc warrior is severely wounded.
The orc warrior hits you with a +0 dire flail!
You die... ▒∙∙∙∙∙<▒ ▒∙∙∙∙∙∙▒ ▒∙∙∙∙∙∙▒ ▒▒▒▒▒∙∙∙∙∙∙▒▒ ▒∙∙∙∙∙∙∙∙∙∙∙▒▒∙▒∙∙ ∙∙∙∙∙∙∙∙∙∙∙∙∙∙∙∙∙

▒▒∙∙∙∙∙∙∙∙∙∙∙∙∙
▒∙∙∙o)▒▒∙∙∙∙∙∙∙
∙∙∙∙∙▒∙)9∙∙$∙∙∙∙∙∙
>∙∙∙∙▒∙)∙▒▒∙∙∙∙▒∙▒
∙ ∙∙∙∙∙!∙∙▒∙▒∙▒∙▒
∙∙▒▒∙∙∙∙∙∙▒∙▒∙▒
▒∙∙∙∙∙∙∙∙∙ ▒
▒▒∙∙∙▒∙▒▒▒ ∙∙∙∙∙∙▒
∙▒▒▒▒▒∙▒


You could see an orc warrior.

Vanquished Creatures
  Pikel (D:6)
  Edmund (D:6)
  Duvessa (D:5)
  An ice beast (D:6)
  3 black bears
  An ogre (D:5)
  A centaur (D:5)
  A lemure (D:6)
  An elf zombie (Ossuary)
  4 scorpions
  4 wights (D:6)
  Dowan (D:5)
  A hound (D:5)
  Crazy Yiuf (D:6)
  A human zombie (Ossuary)
  3 orc priests
  A jelly (D:5)
  2 gnoll boudas (D:5)
  9 iguanas
  An orc wizard (D:3)
  2 mummies (Ossuary)
  3 gnolls (D:5)
  7 adders
  A shadow imp (D:5)
  A white imp (D:6)
  3 adder zombies (Ossuary)
  A dart slug (D:5)
  20 orcs
  5 ball pythons
  3 bats
  4 endoplasms
  4 giant cockroaches
  7 goblins
  A hobgoblin (D:2)
  9 jackals
  7 kobolds
  6 quokkas
  2 frilled lizards
  7 hobgoblin zombies (Ossuary)
  A jackal zombie (Ossuary)
  10 kobold zombies (Ossuary)
  11 orc zombies (Ossuary)
  5 rats
  3 rat zombies (Ossuary)
162 creatures vanquished.

Notes
Turn   | Place    | Note
-------+----------+-------------------------------------------
     0 | D:1      | Zeor the Gargoyle Monk began the quest for the Orb.
     0 | D:1      | Reached XP level 1. HP: 14/14 MP: 1/1
   181 | D:1      | Reached XP level 2. HP: 19/19 MP: 2/2
   727 | D:2      | Reached XP level 3. HP: 24/24 MP: 3/3
  1397 | D:2      | Reached XP level 4. HP: 22/29 MP: 4/4
  1686 | D:3      | Reached skill level 4 in Maces & Flails
  1823 | D:3      | Reached XP level 5. HP: 21/34 MP: 5/5
  2570 | D:4      | Noticed a black bear
  2579 | D:4      | Killed a black bear
  2580 | D:4      | Reached skill level 5 in Maces & Flails
  2580 | D:4      | Reached XP level 6. HP: 38/39 MP: 6/6
  2789 | D:4      | Found a radiant altar of Vehumet.
  3012 | D:4      | Found a sacrificial altar of Ru.
  3137 | D:5      | Entered Level 5 of the Dungeon
  3179 | D:5      | Reached skill level 1 in Throwing
  3376 | D:5      | Noticed a black bear
  3378 | D:5      | Reached XP level 7. HP: 20/44 MP: 7/7
  3386 | D:5      | Reached skill level 5 in Fighting
  3389 | D:5      | Reached skill level 1 in Armour
  3494 | D:5      | Noticed Duvessa
  3494 | D:5      | Noticed Dowan
  3507 | D:5      | Killed Duvessa
  3508 | D:5      | Reached skill level 6 in Maces & Flails
  3543 | D:5      | Killed Dowan
  3544 | D:5      | Reached skill level 1 in Stealth
  3544 | D:5      | Reached XP level 8. HP: 18/50 MP: 8/8
  3716 | D:5      | Found a staircase to the Ecumenical Temple.
  3722 | Temple   | Entered the Ecumenical Temple
  3763 | Temple   | Became a worshipper of the Wu Jian Council
  3763 | Temple   | Reached * piety under Wu Jian
  3763 | Temple   | Reached ** piety under Wu Jian
  3970 | D:5      | Identified the +5 scimitar of Oozing Pus {holy, Str+4}
  4115 | D:5      | Reached skill level 7 in Maces & Flails
  4324 | D:5      | Found Kuoduguwk's Distillery.
  4332 | D:5      | Bought a potion of curing for 36 gold pieces
  4332 | D:5      | Bought a potion of degeneration for 12 gold pieces
  4332 | D:5      | Bought a potion of heal wounds for 60 gold pieces
  4332 | D:5      | Bought a potion of curing for 36 gold pieces
  4451 | D:6      | Noticed Pikel
  4477 | D:6      | Killed Pikel
  4670 | D:6      | Identified the +9 sling of an ice cave {flame, Fragile
                  | rElec rPois rN++}
  4671 | D:6      | Reached skill level 1 in Evocations
  4679 | D:6      | Reached skill level 8 in Maces & Flails
  4679 | D:6      | Reached XP level 9. HP: 4/55 MP: 9/9
  4876 | D:6      | Found a sand-covered staircase.
  4890 | Ossuary  | Entered an ossuary
  5123 | Ossuary  | Reached skill level 1 in Long Blades
  5717 | D:6      | Reached *** piety under Wu Jian
  5936 | D:6      | Found a runed translucent door.
  5937 | D:6      | Noticed Crazy Yiuf
  5944 | D:6      | Killed Crazy Yiuf
  6040 | D:6      | Found Omiemn's Weapon Boutique.
  6053 | D:6      | Noticed Edmund
  6064 | D:6      | Killed Edmund
  6232 | D:7      | Slain by an orc warrior

Illustrated notes

Levels and vault maps discovered:
D:1:      minmay_arrival_wavy_path, layout_loops_ring
D:2:      layout_basic, nicolae_elevator_lobby_asterisk
D:3:      layout_loops_cross
D:4:      layout_loops_ring, nicolae_ru_path_of_blood, vehumet_crystals
D:5:      wander_river, layout_basic, minmay_temple_entry_waves, serial_shops,
          shop, nicolae_grassy_gnolls, uniq_duvessa
D:6:      layout_basic, enter_ossuary_1, serial_shops, shop, minmay_hedge_maze,
          uniq_pikel, uniq_crazy_yiuf_cottage, uniq_edmund
D:7:      layout_basic
Temple:   compressed_dpeg_circular_temple

Skill      XL: |  1  2  3  4  5  6  7  8  9 |
---------------+----------------------------+-----
Dodging        | 3 4 |  4.3
Maces & Flails | 4 5 6 8 |  8.9
Fighting       | 4 5 6 |  6.3
Throwing       | 1 |  1.6
Armour         | 2 3 4 |  4.8
Stealth        | 1 3 |  3.4
Evocations     | 1 |  1.4
Long Blades    | 1 |  1.4
Staves         | |  0.8

Action                     |  1- 3 |  4- 6 |  7- 9 || total
---------------------------+-------+-------+-------++-------
  Melee: Mace              |    72 |   125 |   112 ||   309
         Whip              |       |       |    98 ||    98
         Scimitar          |       |       |    29 ||    29
         Quarterstaff      |       |       |    35 ||    35
  Throw: Javelin           |       |     4 |       ||     4
         Boomerang         |       |     4 |     2 ||     6
         Dart              |       |       |     1 ||     1
Ability: Whirlwind         |       |       |    13 ||    13
         Lunge             |       |       |    16 ||    16
         Wall Jump         |       |       |     3 ||     3
  Evoke: Wand              |       |       |     3 ||     3
    Use: Scroll            |    10 |     3 |     6 ||    19
         Potion            |       |       |     4 ||     4
   Stab: Paralysed         |       |       |     3 ||     3
 Armour: Robe              |    39 |    35 |       ||    74
         Chain mail        |       |    27 |   129 ||   156
         Plate armour      |       |       |    18 ||    18
  Dodge: Dodged            |    71 |    78 |   141 ||   290
         Repelled          |       |       |     5 ||     5
